 Dungeon Crawl Stone Soup version 0.30-a0-702-gdf48620a09 (webtiles) character file.

Game seed: 8863508341455228981

3405 TheFool the Chopper (level 9, -15/69 HPs)
             Began as a Demonspawn Berserker on Jan 21, 2023.
             Was a Priest of Trog.
             Demolished by a skeletal warrior
             ... wielding a +0 scimitar
              (20 damage)
             ... on level 8 of the Dungeon.
             The game lasted 00:40:24 (2574 turns).

TheFool the Chopper (Demonspawn Berserker)          Turns: 2574, Time: 00:40:24

Health: -15/69     AC: 11    Str: 21    XL:     9   Next: 75%
Magic:  0/9        EV: 10    Int:  9    God:    Trog [***...]
Gold:   244        SH:  0    Dex: 25    Spells: 8/8 levels left

rFire   x . .      SeeInvis .    e - +4 hand axe "Qein" {heavy, Fragile Fly rF- Dex+8}
rCold   + . .      Faith    .    (no shield)
rNeg    + . .      Spirit   +    l - +0 chain mail
rPois   .          Reflect  .    (helmet restricted)
rElec   .          Harm     .    (no cloak)
rCorr   .          Rampage  .    d - +0 pair of gloves
Will    .....                    (no boots)
Stlth   ++                       m - amulet of guardian spirit
HPRegen 0.31/turn                v - ring of positive energy
MPRegen 0.11/turn                r - ring of protection from cold

@: mighty, flying, hasted, very quick
A: antennae 1, thin skeletal structure 2, powered by pain 1, spiny 2
a: Renounce Religion, Berserk, Trog's Hand


You were on level 8 of the Dungeon.
You worshipped Trog.
Trog was most pleased with you.
You visited 1 branch of the dungeon, and saw 8 of its levels.

You collected 244 gold pieces.

Inventory:

Hand Weapons
 a - a +0 falchion
 e - the +4 hand axe "Qein" (weapon) {heavy, Fragile Fly rF- Dex+8}
   (You found it on level 2 of the Dungeon)

   Dex:       It affects your dexterity (+8).
   rF:        It makes you vulnerable to fire.
   Fly:       It grants you flight.
   Fragile:   It will be destroyed if unequipped.
 n - a +3 short sword of freezing
 w - a +0 long sword
 x - a +0 battleaxe
 C - a +0 short sword of venom
 E - a +2 vampiric spear
Missiles
 g - 6 silver javelins
 s - 2 javelins
 z - 2 throwing nets
Armour
 b - a +0 animal skin
 d - a +0 pair of gloves (worn)
 h - a +0 leather armour
 l - a +0 chain mail (worn)
Magical Staves
 f - a staff of earth
Jewellery
 m - an amulet of guardian spirit (around neck)
 o - a ring of see invisible
 r - a ring of protection from cold (right hand)
 u - a ring of ice
 v - a ring of positive energy (left hand)
Wands
 H - a wand of iceblast (5) (quivered)
 I - a wand of acid (10)
Scrolls
 j - 3 scrolls of teleportation
 k - a scroll of fear {unknown}
 p - 2 scrolls of vulnerability
 q - a scroll of torment
 t - a scroll of blinking
 y - a scroll of noise {unknown}
 A - 2 scrolls of immolation {unknown}
 D - 2 scrolls of identify
 G - a scroll of fog {unknown}
Potions
 c - 2 potions of degeneration
 B - a potion of heal wounds {unknown}
 F - a potion of lignification {unknown}


   Skills:
 + Level 6.0 Fighting
 + Level 4.3 Long Blades
 + Level 6.4 Axes
 * Level 5.5 Throwing
 + Level 6.2 Armour
 + Level 3.8 Dodging
 + Level 1.9 Stealth
 + Level 0.3 Evocations


You had 8 spell levels left.
You didn't know any spells.
Your spell library contained the following spells:

 Spells                   Type           Power      Damage    Failure   Level
 Blink                    Tloc           0%         N/A       99%         2
 Lesser Beckoning         Tloc           0%         N/A       99%         2
 Momentum Strike          Conj/Tloc      0%         3d8       99%         2


Dungeon Overview and Level Annotations

Branches:
Dungeon (8/15)             Temple (0/1) D:4
   Lair: D:8-11

Altars:
Hepliaklqana
Vehumet
Yredelemnul

Shops:
D:4 ((


Innate Abilities, Weirdness & Mutations

You have a pair of small antennae on your head.
You have a moderately thin skeletal structure. (Dex +4, Stealth++)
You sometimes gain a little power by taking damage.
You are mostly covered in sharp spines.


Message History

You kill the orc warrior!
Trog accepts your kill.
Your Fighting skill increases to level 6!
Found a stone staircase leading down.
The slime creature quivers.
Found a scroll of identify. 3 wights come into view.
You hit the skeletal warrior.
The skeletal warrior is lightly damaged.
The skeletal warrior hits you with a +0 scimitar.
You slash the skeletal warrior!
The skeletal warrior is lightly damaged.
The skeletal warrior hits you with a +0 scimitar!
The skeletal warrior attacks as you move away!
The skeletal warrior is struck by your spines.
The skeletal warrior hits you with a +0 scimitar!!
You focus on the pain.
You feel very mighty all of a sudden.
You closely miss the skeletal warrior.
The skeletal warrior is lightly damaged.
The skeletal warrior hits you but does no damage.
The skeletal warrior barely misses you.
You hit the skeletal warrior.
The skeletal warrior is moderately damaged.
The skeletal warrior is struck by your spines.
The skeletal warrior barely misses you.
You slash the skeletal warrior!
The skeletal warrior is moderately damaged.
The skeletal warrior hits you with a +0 scimitar!!
* * * LOW HITPOINT WARNING * * *
You focus on the pain.
You feel your power returning.
The skeletal warrior hits you with a +0 scimitar!
* * * LOW HITPOINT WARNING * * *
You feel yourself speed up.
The skeletal warrior hits you with a +0 scimitar!
* * * LOW HITPOINT WARNING * * *
You slash the skeletal warrior!
The skeletal warrior is heavily damaged.
The skeletal warrior hits you with a +0 scimitar!!
You die...

##### #...##########
#.......>..zz.
#####...##z##
#...#...#z#T##
.#.....z##..##
##.##...@##..#...#
#.. #.#.##..###...
#.###..##..##.##.?.
#.....##..##J..##.#
###..#.##..##..#..##.
#.....##..##..###..#
#....##..##..##|##.
##))##..##:..+..)#
#)#.##..##)##..##.


You could see a skeletal warrior, a slime creature, a troll and 2 wights.

Vanquished Creatures
  Pikel (D:6)
  Maggie (D:8)
  Grinder (D:3)
  A wyvern (D:7)
  A water moccasin (D:7)
  Duvessa (D:6)
  A sky beast (D:7)
  2 black bears
  An orc warrior (D:8)
  An ice beast (D:5)
  A lemure (D:6)
  A kobold brigand (D:8)
  Blork the orc (D:5)
  A bullfrog (D:6)
  A scorpion (D:5)
  2 gnoll sergeants
  A necrophage (D:7)
  Dowan (D:6)
  10 killer bees
  3 howler monkeys (D:7)
  6 hounds
  2 jellies
  2 gnoll boudas
  4 iguanas
  Robin (D:2)
  10 gnolls
  9 adders
  A dart slug (D:2)
  6 orcs
  4 ball pythons
  8 endoplasms
  2 giant cockroaches
  14 goblins
  5 hobgoblins
  2 jackals (D:4)
  12 kobolds
  2 quokkas
  A frilled lizard (D:1)
  3 rats
127 creatures vanquished.

Vanquished Creatures (others)
  7 plants (D:6)
7 creatures vanquished.

Grand Total: 134 creatures vanquished

Notes
Turn   | Place    | Note
-------+----------+-------------------------------------------
     0 | D:1      | TheFool the Demonspawn Berserker began the quest for the
                  | Orb.
     0 | D:1      | Reached XP level 1. HP: 18/18 MP: 1/1
   101 | D:1      | Gained mutation: You are partially covered in sharp spines.
                  | [demonic ancestry]
   101 | D:1      | Reached XP level 2. HP: 24/24 MP: 2/2
   470 | D:2      | Identified the +4 hand axe "Qein" {heavy, Fragile Fly rF-
                  | Dex+8}
   490 | D:2      | Found a hazy altar of Hepliaklqana.
   500 | D:2      | Gained mutation: You have a somewhat thin skeletal
                  | structure. (Dex +2, Stealth+) [demonic ancestry]
   500 | D:2      | Reached XP level 3. HP: 29/29 MP: 3/3
   551 | D:2      | Noticed Robin
   558 | D:2      | Killed Robin
   558 | D:2      | Reached ** piety under Trog
   865 | D:3      | Reached XP level 4. HP: 32/35 MP: 4/4
   905 | D:3      | Found a faded altar of an unknown god.
   956 | D:3      | Noticed Grinder
   968 | D:3      | Killed Grinder
   969 | D:3      | Reached skill level 1 in Axes
   969 | D:3      | Reached skill level 1 in Throwing
   969 | D:3      | Reached skill level 1 in Stealth
   969 | D:3      | Gained mutation: You are mostly covered in sharp spines.
                  | [demonic ancestry]
   969 | D:3      | Reached XP level 5. HP: 13/42 MP: 3/5
   969 | D:3      | Gained mutation: You sometimes gain a little power by
                  | taking damage. [demonic ancestry]
   969 | D:3      | Reached XP level 6. HP: 15/48 MP: 3/6
  1046 | D:4      | Found Deaf's Weapon Shoppe.
  1078 | D:4      | Found a radiant altar of Vehumet.
  1195 | D:4      | Found a staircase to the Ecumenical Temple.
  1240 | D:4      | Found Gued's Firing Range.
  1301 | D:5      | Entered Level 5 of the Dungeon
  1328 | D:5      | Noticed Blork the orc
  1335 | D:5      | Killed Blork the orc
  1336 | D:5      | Gained mutation: You have a pair of small antennae on your
                  | head. [demonic ancestry]
  1336 | D:5      | Reached XP level 7. HP: 38/54 MP: 4/7
  1684 | D:6      | Noticed Duvessa
  1687 | D:6      | Noticed Dowan
  1695 | D:6      | Killed Duvessa
  1700 | D:6      | Killed Dowan
  1743 | D:6      | Reached XP level 8. HP: 31/61 MP: 6/8
  1784 | D:6      | Noticed Pikel
  1796 | D:6      | Killed Pikel
  1908 | D:6      | Reached skill level 5 in Fighting
  1911 | D:6      | Reached skill level 5 in Axes
  2013 | D:6      | Gained mutation: You have a moderately thin skeletal
                  | structure. (Dex +4, Stealth++) [demonic ancestry]
  2013 | D:6      | Reached XP level 9. HP: 24/68 MP: 4/9
  2162 | D:7      | Reached skill level 5 in Armour
  2165 | D:7      | Reached skill level 5 in Throwing
  2366 | D:8      | Found a basalt altar of Yredelemnul.
  2373 | D:8      | Reached *** piety under Trog
  2460 | D:8      | Noticed Maggie
  2471 | D:8      | Killed Maggie
  2533 | D:8      | Noticed a skeletal warrior
  2539 | D:8      | Noticed a troll
  2574 | D:8      | Demolished by a skeletal warrior

Illustrated notes

Levels and vault maps discovered:
D:1:      mainiacjoe_arrival_reflecting_pool, layout_basic
D:2:      layout_loops_ring, basic_altar, uniq_robin
D:3:      layout_loops_corners, hellmonk_ecumenical_altar_lost_god,
          ebering_ghost_reflecting_pool, uniq_terence, uniq_grinder
D:4:      layout_rooms, fiery_altar_vehumet, temple_green, serial_shops, shop,
          corexii_shack, chequers_big_river, nicolae_shop_firing_range
D:5:      kennysheep_six_static_rooms, layout_basic, uniq_blork_the_orc
D:6:      layout_basic, nicolae_grassy_gnolls, uniq_edmund, uniq_duvessa,
          uniq_pikel
D:7:      layout_basic
D:8:      layout_rooms, nzn_wu_jian_council_hall,
          mainiacjoe_overflow_small_starburst, minmay_diamond_spiral,
          uniq_maggie

Skill      XL: |  1  2  3  4  5  6  7  8  9 |
---------------+----------------------------+-----
Long Blades    | 3 4 |  4.3
Dodging        | 2 3 |  3.8
Armour         | 2 3 4 6 |  6.2
Axes           | 1 2 3 5 6 |  6.4
Throwing       | 1 2 3 4 5 |  5.5
Stealth        | 1 |  1.9
Fighting       | 4 5 6 |  6.0
Evocations     | |  0.3

Action                   |  1- 3 |  4- 6 |  7- 9 || total
-------------------------+-------+-------+-------++-------
Melee: Falchion          |    33 |       |       ||    33
       Hand axe          |    26 |    37 |   110 ||   173
       Punch             |       |       |     1 ||     1
Throw: Javelin           |     2 |       |     8 ||    10
       Boomerang         |       |       |     6 ||     6
Invok: Berserk           |     2 |     1 |     1 ||     4
       Trog's Hand       |       |       |     3 ||     3
Evoke: Wand              |       |       |     4 ||     4
  Use: Scroll            |     4 |     4 |     5 ||    13
       Potion            |       |       |     5 ||     5
 Stab: Sleeping          |     3 |       |       ||     3
Armor: Animal skin       |     4 |       |       ||     4
       Leather armour    |    17 |       |       ||    17
       Chain mail        |     4 |    13 |    93 ||   110
Dodge: Dodged            |    33 |    21 |    77 ||   131

Table legend: (Time is in decaauts)
 A = Elapsed time spent in this place.
 B = Non-inter-level travel time spent in this place.
 C = Inter-level travel time spent in this place.
 D = Time resting spent in this place.
 E = Time spent auto-exploring this place.
 F = Levels seen in this place.
 G = Mean time per level.
                   A        B        C        D        E       F      G
               +--------+--------+--------+--------+--------+-----+--------+
         Total |   2747 |    966 |   1781 |      0 |      0 |   8 |  343.4 |
       Dungeon |   2747 |    966 |   1781 |      0 |      0 |   8 |  343.4 |
               +--------+--------+--------+--------+--------+-----+--------+

Top non-repeatable levels by time:
     D:6: 558 daAuts
     D:2: 479 daAuts
     D:4: 336 daAuts
     D:5: 323 daAuts
     D:1: 322 daAuts
     D:7: 254 daAuts
     D:3: 240 daAuts
     D:8: 231 daAuts
